Map: Bastion of the Conclave

Players

Crione

  • Race: Terran Terran
  • Spawn Location: 0:00

Birdy

  • Race: Terran Terran
  • Spawn Location: 12:00

samanaXZ

  • Race: Terran Terran
  • Spawn Location: 12:00

Metasapien - Winner!

  • Race: Zerg Zerg
  • League: Platinum
  • Spawn Location: 6:00

NRF - Winner!

  • Race: Protoss Protoss
  • League: Platinum
  • Spawn Location: 6:00

ShinyThor - Winner!

  • Race: Protoss Protoss
  • Spawn Location: 6:00

VOD

Have the link to the VOD?

Description

Time

  • Played on: Sept. 24, 2017, 2:15 a.m.
  • Length: 19:52
Show
View Real Time Build Order
Export as new Build Order

Crione Terran 

Build Orders:  

Get SALT Encoding   

  12  0:01  SCV  
  13  0:13  SCV  
  14  0:25  SCV  
  15  0:32  Supply Depot  
  15  0:38  Refinery  
  15  0:54  SCV  
  16  0:57  Barracks  
  16  1:06  SCV  
  17  1:12  Supply Depot  
  17  1:18  SCV  
  18  1:25  Refinery  
  18  1:30  SCV  
  19  1:42  Barracks  
  19  1:45  Marine  
  20  2:03  Marine  
  21  2:12  Command Center  
  21  2:23  SCV  
  22  2:33  Marine x2  
  22  2:35  SCV  
  25  2:46  Factory  
  25  2:48  SCV  
  26  3:01  Orbital Command  
  26  3:10  Engineering Bay  
  26  3:15  Supply Depot  
  26  3:26  SCV  
  27  3:35  Factory Tech Lab  
  27  3:38  SCV  
  27  3:40  Missile Turret  
  28  3:48  Missile Turret  
  28  3:50  Marine  
  28  3:51  Marine  
  28  3:53  Siege Tank  
  33  3:57  Hi-Sec Auto Tracking  
  33  4:04  Missile Turret  
  33  4:08  SCV  
  34  4:14  SCV  
  35  4:20  SCV  
  36  4:26  SCV  
  36  4:27  Missile Turret  
  36  4:28  Siege Tank  
  40  4:32  SCV  
  40  4:38  SCV  
  42  4:44  SCV  
  43  4:50  SCV  
  44  4:54  Starport  
  44  4:56  SCV  
  45  5:02  SCV  
  45  5:04  Refinery  
  45  5:06  Refinery  
  46  5:07  Building Armor  
  46  5:08  SCV  
  46  5:11  Widow Mine  
  49  5:17  SCV  
  49  5:21  SCV  
  51  5:26  Marine x2  
  53  5:29  SCV  
  53  5:32  Supply Depot  
  53  5:33  Starport Reactor  
  53  5:35  Supply Depot  
  54  5:37  Supply Depot  
  54  5:54  Siege Tank, SCV  
  58  6:13  Viking x2  
  62  6:31  Marine x2  
  64  6:33  Orbital Command  
  64  6:38  Siege Tank  
  67  6:49  Marine  
  67  6:53  Starport  
  68  7:14  Command Center  
  68  7:40  Armory, Starport Reactor  
  68  7:43  Starport  
  68  7:54  Missile Turret, SCV  
  69  8:06  SCV  
  70  8:18  SCV  
  71  8:20  Liberator x3  
  71  8:21  Liberator  
  71  8:34  Starport Reactor  
  83  9:28  Liberator x2  
  83  9:29  Liberator  
  83  9:41  SCV  
  93  10:09  SCV, Marine x2  
  93  10:55  Liberator  
  93  10:56  Liberator  
  93  11:10  Marine x2  
  93  11:11  SCV  
  80  11:23  SCV  
  72  11:28  Marine x2  
  74  11:35  SCV  
  75  11:46  Marine x2  
  74  11:59  Liberator x6  
  74  12:04  Marine x2  
  89  12:41  Liberator x2  
  89  12:42  Liberator  
  92  13:08  Terran Vehicle And Ship Armor Level 1  
  92  13:13  Liberator  
  92  13:15  Liberator  
  92  13:17  Liberator  
  92  13:31  Siege Tank  
  88  13:51  SCV  
  89  14:03  Siege Tank, SCV  
  93  14:15  SCV  
  93  14:29  Liberator x3, SCV  
  93  14:30  Liberator x2  
  84  14:36  Siege Tank  
  65  14:41  SCV  
  73  15:27  Siege Tank  
  41  15:42  Viking  
  41  15:43  Viking x2  
  46  15:55  SCV  
  47  16:00  Engineering Bay  
  47  16:08  SCV  
  27  16:37  SCV  
  27  16:38  Missile Turret  
  28  16:45  Refinery  
  28  16:47  Refinery  
  28  16:49  SCV  
  29  16:54  Command Center  
  29  17:01  SCV  
  29  17:08  Starport Reactor  
  30  17:10  Viking x2  
  30  17:13  SCV  
  35  17:19  Refinery  
  35  17:25  SCV  
  35  17:29  Refinery  
  36  17:37  SCV  
  36  17:40  Viking x2  
  39  18:22  Missile Turret  
  36  18:56  SCV  
  36  19:08  SCV  
Show
View Real Time Build Order
Export as new Build Order

Birdy Terran 

Build Orders: Command Center First (CC), MMM Bio 

Get SALT Encoding   

  12  0:01  SCV  
  13  0:13  SCV  
  14  0:21  Supply Depot  
  14  0:25  SCV  
  15  0:43  SCV  
  16  0:55  SCV  
  17  1:07  SCV  
  17  1:09  Command Center  
  18  1:19  SCV  
  18  1:24  Barracks  
  19  1:31  SCV  
  20  1:49  SCV  
  21  2:01  Command Center  
  21  2:02  SCV  
  22  2:10  Refinery  
  22  2:12  Refinery  
  22  2:13  Marine  
  22  2:24  Orbital Command  
  22  2:34  Orbital Command  
  22  2:50  SCV  
  23  2:56  Engineering Bay  
  23  3:01  SCV  
  23  3:02  Engineering Bay  
  24  3:14  SCV  
  24  3:15  Factory  
  25  3:21  Orbital Command  
  25  3:24  SCV  
  26  3:29  Terran Infantry Weapons Level 1  
  26  3:31  SCV  
  27  3:39  SCV  
  28  3:44  Terran Infantry Armor Level 1  
  28  3:45  SCV  
  28  3:46  Refinery  
  29  3:53  Missile Turret  
  29  3:54  SCV  
  29  3:55  SCV  
  31  4:03  Missile Turret, SCV  
  31  4:06  Missile Turret, SCV  
  31  4:08  SCV  
  31  4:09  Marine  
  35  4:16  Armory  
  35  4:17  SCV  
  35  4:23  Barracks  
  36  4:27  Barracks  
  36  4:32  Factory Reactor, Barracks  
  36  4:36  SCV x3  
  39  4:44  Marine  
  40  4:52  Barracks  
  40  4:54  SCV x2  
  40  4:55  Barracks, SCV  
  43  5:05  Marine  
  44  5:10  Supply Depot  
  44  5:13  Supply Depot  
  44  5:18  SCV x2  
  44  5:19  Barracks, SCV  
  44  5:20  Barracks  
  47  5:24  Barracks Tech Lab x2  
  47  5:26  Marine x2  
  49  5:30  Terran Infantry Weapons Level 2  
  49  5:38  Terran Infantry Armor Level 2  
  49  5:43  Refinery  
  49  5:44  Supply Depot  
  49  5:47  Stimpack, Combat Shields, Supply Depot  
  49  5:53  Marine x2  
  49  5:54  Barracks Reactor, Marine x2  
  49  5:55  Marine  
  54  5:58  Refinery  
  54  5:59  Refinery  
  51  6:12  Marine  
  51  6:13  Marine x3  
  54  6:22  Marine x3  
  52  6:31  SCV x3  
  52  6:32  Marine x5  
  55  6:33  Marine  
  57  6:44  SCV x2  
  59  6:47  Supply Depot  
  59  6:50  Barracks Reactor, Marine  
  60  6:55  Marine x2  
  60  6:56  SCV  
  63  7:04  Marine  
  63  7:05  Marine x2  
  66  7:09  Starport  
  66  7:20  SCV x2  
  66  7:21  Starport  
  68  7:25  SCV  
  69  7:31  Marine x2  
  69  7:32  Barracks Reactor, SCV x2  
  73  7:39  Barracks Reactor, Marine x2  
  73  7:40  Marine x2  
  77  7:44  Supply Depot  
  77  7:52  Terran Infantry Weapons Level 3  
  77  7:58  Terran Infantry Armor Level 3, Factory Tech Lab  
  77  8:05  Barracks Reactor  
  77  8:06  Marine x4  
  77  8:07  Marine x2  
  83  8:13  Supply Depot  
  83  8:19  Starport Tech Lab  
  83  8:22  Medivac x2  
  83  8:25  Marine x5  
  83  8:26  Marine  
  83  8:27  Marine  
  93  8:32  SCV x3  
  97  8:45  Marine x2  
  97  8:46  Marine x5  
  97  8:47  Medivac  
  106  8:52  Medivac  
  108  8:58  Medivac  
  102  9:06  Marine x4  
  86  9:31  Marine x4  
  81  9:32  Marine  
  81  9:37  Marine x3  
  81  9:38  Marine x3  
  92  9:39  Marine x2  
  92  9:41  Medivac x2  
  92  9:42  Medivac  
  100  9:45  Supply Depot  
  100  9:46  Supply Depot  
  100  9:49  Marine x2  
  100  9:52  Command Center  
  98  9:53  Marine x2  
  98  9:54  Marine  
  98  9:55  Marine x4  
  98  9:56  Marine  
  104  10:01  Marine x2  
  104  10:02  Marine  
  104  10:07  Marine x2  
  107  10:10  Marine x2  
  111  10:14  Medivac  
  111  10:15  Medivac x2  
  99  10:29  Marine x2  
  99  10:30  Marine x2  
  93  10:44  Medivac  
  93  10:45  Medivac x2  
  99  10:52  Supply Depot  
  82  11:10  Marine  
  82  11:11  Marine x6  
  76  11:14  Medivac x2  
  84  11:29  Marine x2  
  84  11:30  Marine x5  
  84  11:37  Marine x5  
  84  11:38  Marine  
  84  11:47  Marine x3  
  84  11:48  Marine x4  
  85  11:54  Marine  
  85  11:55  SCV x2, Marine x5  
  85  11:56  SCV  
  93  12:05  Marine x4  
  93  12:06  Marine x3  
  100  12:12  Marine  
  100  12:13  Marine x5  
  106  12:17  Viking x3  
  112  12:23  Marine x5  
  112  12:29  Marine  
  112  12:40  Marine  
  112  12:47  Viking x3  
  112  12:49  SCV x3  
  120  13:03  Marine  
  120  13:04  Marine x6  
  120  13:05  Marine  
  111  13:27  Viking  
  97  13:29  Siege Tank  
  50  13:57  Viking  
  49  14:48  Marine  
  50  14:56  Missile Turret  
  50  14:58  Missile Turret  
  50  15:02  Bunker  
  50  15:03  Factory Tech Lab  
  50  15:05  Viking  
  52  15:08  Orbital Command  
  52  15:17  Missile Turret  
  52  15:18  Missile Turret  
  50  16:17  Marine  
  50  16:18  Marine x4  
  55  16:35  Marine x5  
  60  16:53  Marine  
  28  17:27  Marauder  
  28  17:28  Marauder  
  28  17:29  Marine x2  
  26  17:39  Marine  
  27  17:47  Marine x2  
  27  17:49  Marauder, Marine  
  32  18:05  Marine x2  
  33  18:07  Marine  
  33  18:10  Marine  
  36  18:23  Marine x2  
  36  18:25  Marine  
  37  18:27  Marine  
  38  18:43  Marine  
  38  18:45  Marine  
  40  18:52  SCV  
  39  19:04  SCV  
  39  19:09  Marine x2  
  41  19:10  Marine x4  
  41  19:14  Planetary Fortress  
  28  19:27  Marine x2  
  28  19:28  Marine x2  
Show
View Real Time Build Order
Export as new Build Order

samanaXZ Terran 

Build Orders:  

Get SALT Encoding   

  12  0:01  SCV  
  13  0:20  SCV, Supply Depot  
  14  0:32  SCV  
  15  0:46  Supply Depot  
  15  0:49  SCV  
  16  0:54  Barracks  
  16  1:01  SCV  
  17  1:13  SCV  
  18  1:25  SCV  
  19  1:36  Command Center  
  19  1:37  SCV  
  20  1:42  Refinery  
  20  1:47  Refinery  
  20  1:49  SCV  
  21  2:01  SCV  
  22  2:15  Orbital Command  
  22  2:17  Barracks Tech Lab  
  22  2:20  Refinery  
  22  2:34  Engineering Bay  
  22  2:48  Factory  
  22  2:51  SCV  
  22  2:52  SCV  
  24  3:00  Bunker  
  24  3:04  SCV x2  
  26  3:08  Marine  
  27  3:16  SCV  
  28  3:25  Orbital Command  
  28  3:29  Marine  
  29  3:35  Supply Depot  
  29  3:37  Siege Tank  
  32  3:47  Marine  
  33  3:52  Missile Turret  
  33  3:54  SCV x2  
  35  4:02  Missile Turret  
  35  4:05  Marine  
  35  4:06  SCV  
  35  4:07  SCV  
  38  4:12  Siege Tank  
  41  4:19  Starport  
  41  4:21  SCV  
  42  4:29  Command Center  
  42  4:32  SCV  
  42  4:33  SCV  
  42  4:36  Refinery  
  44  4:42  Barracks Tech Lab  
  44  4:44  SCV  
  45  4:46  SCV  
  46  5:00  Armory  
  46  5:02  Fusion Core  
  46  5:04  SCV x2  
  46  5:06  Starport Tech Lab  
  48  5:14  Combat Shields  
  48  5:16  SCV x2, Marine  
  48  5:18  Neosteel Frame  
  51  5:22  Missile Turret  
  52  5:28  SCV  
  52  5:34  Marine  
  53  5:38  Factory Tech Lab  
  53  5:39  SCV  
  53  5:40  SCV  
  53  5:42  Starport  
  55  5:43  Supply Depot  
  55  5:46  Missile Turret  
  55  6:46  Orbital Command  
  55  6:55  Starport, Command Center  
  55  7:01  Missile Turret  
  55  7:04  Supply Depot  
  55  7:07  Supply Depot  
  55  7:18  Starport  
  55  7:19  Supply Depot  
  55  7:21  Starport  
  55  7:22  Terran Ship Weapons Level 1  
  55  7:23  Weapon Refit  
  55  7:24  Supply Depot  
  55  7:25  Hi-Sec Auto Tracking  
  55  7:27  SCV x3  
  55  7:28  Factory Tech Lab  
  58  7:36  Starport Tech Lab  
  58  7:39  SCV  
  58  7:40  SCV x2  
  61  7:47  Supply Depot  
  61  7:51  SCV  
  62  8:34  Starport Tech Lab  
  62  8:35  Battlecruiser x2  
  62  8:41  Missile Turret x2  
  74  8:43  Missile Turret, Liberator x2  
  74  8:44  Missile Turret  
  74  8:45  Barracks  
  74  8:52  SCV  
  75  9:02  Refinery  
  79  9:04  Command Center  
  79  9:08  Refinery  
  65  9:15  Barracks  
  63  9:18  Barracks  
  63  9:20  Battlecruiser  
  62  10:10  Command Center  
  62  10:18  Battlecruiser x3  
  70  10:41  SCV  
  70  10:42  SCV x3  
  74  10:48  Refinery  
  73  10:54  SCV x3  
  73  10:55  Battlecruiser  
  76  12:03  Orbital Command  
  76  12:10  Supply Depot  
  76  12:12  Terran Ship Weapons Level 2  
  76  12:15  Supply Depot  
  76  12:19  SCV x3  
  79  12:29  Supply Depot  
  79  12:31  SCV x3  
  82  12:40  Supply Depot  
  82  12:43  SCV x3  
  85  12:55  SCV x3, Supply Depot  
  88  13:03  Battlecruiser x2  
  100  13:07  SCV x3  
  103  13:31  Battlecruiser x2  
  103  13:32  Battlecruiser  
  114  14:36  Battlecruiser x2  
Show
View Real Time Build Order
Export as new Build Order

Metasapien Zerg - Winner!

Build Orders: Hatch First, Swarm Host 

Get SALT Encoding   

  12  0:02  Drone  
  13  0:34  Hatchery  
  12  0:40  Overlord  
  12  0:45  Drone  
  13  1:05  Spawning Pool  
  13  1:06  Drone  
  13  1:10  Drone  
  14  1:16  Drone  
  15  1:21  Drone, Extractor  
  15  1:29  Drone  
  16  1:39  Drone  
  17  1:59  Drone x2  
  19  2:10  Drone x2  
  19  2:11  Drone  
  19  2:14  Hatchery  
  21  2:19  Drone  
  21  2:20  Drone  
  23  2:25  Overlord  
  23  2:34  Queen  
  25  2:41  Queen  
  27  2:46  Drone  
  27  2:47  Drone  
  27  2:50  Drone  
  30  2:52  Extractor  
  30  2:58  Metabolic Boost  
  29  2:59  Drone  
  30  3:07  Drone  
  31  3:13  Drone, Roach Warren  
  31  3:18  Drone x2  
  33  3:24  Overlord  
  33  3:28  Drone  
  33  3:30  Overlord  
  33  3:32  Drone  
  35  3:42  Drone, Queen  
  35  3:46  Lair  
  38  3:53  Drone  
  38  3:55  Drone x3  
  42  4:01  Drone  
  42  4:02  Extractor  
  42  4:10  Drone x2  
  42  4:12  Overlord x2  
  42  4:14  Drone  
  45  4:28  Roach x3  
  52  4:31  Drone x2  
  52  4:32  Drone  
  52  4:37  Drone  
  55  4:40  Drone x2, Extractor  
  56  4:49  Hydralisk Den  
  56  4:51  Drone x2, Infestation Pit  
  56  4:54  Drone x3  
  56  4:57  Drone x4  
  56  4:58  Glial Reconstitution  
  63  5:03  Drone x2  
  65  5:09  Overlord  
  65  5:12  Drone x2  
  67  5:18  Spore Crawler  
  66  5:24  Extractor  
  66  5:25  Drone  
  66  5:27  Drone  
  67  5:31  Muscular Augments  
  67  5:33  Pathogen Glands  
  67  5:39  Pneumatized Carapace  
  67  5:40  Burrow  
  67  5:47  Drone x3  
  67  5:48  Drone  
  71  5:50  Drone x3  
  71  5:54  Extractor  
  71  5:55  Overseer  
  73  6:00  Overlord  
  73  6:01  Overlord x2  
  73  6:13  Roach  
  73  6:14  Roach x3  
  73  6:15  Overlord  
  73  6:16  Overlord x2  
  81  6:20  Drone x3  
  81  6:22  Overlord x2  
  81  6:23  Overlord  
  84  6:28  Swarm Host x3  
  84  6:29  Swarm Host  
  96  6:39  Nydus Network  
  95  6:43  Drone  
  96  6:51  Swarm Host x2  
  96  6:52  Swarm Host  
  96  6:53  Roach  
  96  6:54  Roach x2  
  111  6:55  Roach  
  111  6:57  Overlord x3  
  113  7:02  Spore Crawler  
  113  7:03  Drone  
  113  7:06  Spore Crawler  
  112  7:08  Spore Crawler  
  112  7:12  Drone x2  
  113  7:22  Evolution Chamber  
  112  7:23  Overseer  
  112  7:26  Drone x3  
  112  7:29  Queen  
  115  7:30  Queen  
  115  7:31  Hydralisk x4  
  115  7:32  Hydralisk x2  
  131  7:39  Overseer  
  131  7:52  Hydralisk x3  
  131  7:54  Infestor, Zergling x4  
  131  7:57  Overlord x2  
  141  8:01  Zerg Ground Armor Level 1  
  141  8:05  Evolution Chamber  
  140  8:16  Hydralisk x2  
  140  8:17  Zergling x2  
  140  8:18  Swarm Host x3, Zergling x2  
  158  8:29  Overlord x3  
  158  8:38  Nydus Canal  
  158  9:07  Hydralisk  
  158  9:08  Hydralisk x5  
  158  9:09  Roach x2  
  174  9:22  Hydralisk x6  
  174  9:23  Hydralisk x2  
  186  9:39  Zerg Missile Weapons Level 1  
  184  9:49  Nydus Canal  
  180  10:02  Hydralisk x3  
  180  10:05  Overlord x3  
  186  10:20  Overseer  
  182  10:21  Overseer  
  178  10:32  Zerg Ground Armor Level 2  
  157  10:54  Nydus Canal  
  153  10:59  Overlord x3  
  153  11:00  Hydralisk x4  
  153  11:01  Roach x3, Hydralisk x5  
  151  11:18  Nydus Canal  
  137  11:20  Hydralisk x2  
  137  11:21  Roach x3, Hydralisk x3  
  137  11:22  Roach  
  132  11:56  Hydralisk  
  132  11:57  Hydralisk x7  
  132  11:58  Hydralisk  
  145  12:18  Hydralisk  
  145  12:19  Hydralisk x4  
  155  12:23  Hatchery  
  154  12:33  Nydus Canal  
  154  12:34  Hatchery  
  154  12:35  Hydralisk x3  
  154  12:36  Zergling x4, Roach x3  
  154  12:37  Zergling x4  
  169  12:45  Zerg Missile Weapons Level 2  
  169  12:54  Hive  
  169  12:55  Overseer  
  169  13:23  Swarm Host x2  
  169  13:24  Swarm Host x4  
  169  13:25  Swarm Host x2  
  193  13:44  Queen  
  193  13:45  Queen  
  197  13:56  Drone x2  
  199  14:21  Drone  
  200  14:28  Extractor  
  200  14:29  Extractor  
  198  14:34  Spire  
  197  14:46  Zerg Ground Armor Level 3  
  197  14:47  Hydralisk  
  199  14:56  Extractor  
  199  14:58  Extractor  
  197  15:05  Nydus Canal  
  197  15:20  Drone x3  
  147  16:06  Hydralisk x10  
  147  16:07  Hydralisk x19  
  147  16:08  Hydralisk x7  
  177  16:24  Lair  
  177  16:25  Lair  
  177  16:30  Hydralisk Den  
  177  16:32  Spire  
  173  16:33  Infestation Pit  
  173  16:38  Spawning Pool  
  167  16:53  Overlord x3  
  167  16:54  Overlord  
  92  17:25  Zergling x26  
  92  17:26  Zergling x10  
  93  18:00  Drone x2  
  93  18:01  Drone  
  93  18:02  Drone x3  
  96  18:12  Corruptor x3  
  97  18:22  Drone x3  
  97  18:23  Drone  
  99  18:41  Drone x2  
  99  18:47  Drone x3  
  98  18:56  Drone x3  
  98  19:02  Drone  
  102  19:17  Nydus Network  
Show
View Real Time Build Order
Export as new Build Order

NRF Protoss - Winner!

Build Orders: Blink Stalkers 

Get SALT Encoding   

  12  0:01  Probe (Chrono Boost)  
  13  0:12  Probe (Chrono Boost)  
  14  0:21  Pylon  
  14  0:22  Probe (Chrono Boost)  
  15  0:39  Probe (Chrono Boost)  
  15  0:41  Gateway  
  16  0:49  Probe (Chrono Boost)  
  17  0:59  Assimilator  
  17  1:00  Probe (Chrono Boost)  
  17  1:02  Assimilator  
  18  1:05  Pylon  
  18  1:10  Probe (Chrono Boost)  
  19  1:21  Probe (Chrono Boost)  
  20  1:28  Cybernetics Core  
  20  1:32  Probe (Chrono Boost)  
  21  1:42  Probe (Chrono Boost)  
  22  1:58  Nexus  
  22  2:07  Warp Gate (Chrono Boost)  
  22  2:08  Mothership Core (Chrono Boost)  
  24  2:17  Stalker  
  26  2:26  Pylon  
  26  2:47  Stalker  
  26  2:48  Gateway  
  28  2:54  Gateway  
  28  3:11  Twilight Council  
  28  3:18  Probe, Pylon  
  28  3:19  Probe  
  29  3:26  Stalker  
  32  3:29  Probe  
  32  3:31  Probe  
  34  3:42  Probe  
  34  3:44  Probe  
  36  3:51  Blink (Chrono Boost)  
  36  4:07  Stalker x3  
  42  4:11  Probe x2  
  44  4:21  Probe  
  44  4:24  Probe  
  46  4:26  Forge  
  46  4:32  Probe  
  46  4:36  Probe  
  48  4:44  Pylon  
  48  4:47  Pylon  
  48  4:49  Probe  
  48  4:50  Probe  
  50  4:53  Assimilator  
  50  4:55  Assimilator  
  50  5:04  Photon Cannon  
  50  5:05  Probe  
  51  5:07  Probe  
  51  5:09  Photon Cannon  
  52  5:15  Protoss Shields Level 1 (Chrono Boost)  
  52  5:18  Probe  
  52  5:19  Probe  
  54  5:28  Probe  
  54  5:31  Probe  
  56  5:39  Probe  
  57  5:43  Probe  
  58  5:50  Stalker  
  58  5:51  Nexus, Stalker x2  
  64  6:08  Pylon, Robotics Facility  
  64  6:26  Pylon  
  64  6:29  Robotics Facility  
  64  6:33  Robotics Facility  
  64  6:37  Pylon  
  64  6:38  Pylon  
  64  6:42  Forge  
  64  6:56  Observer  
  65  7:02  Charge, Protoss Ground Armor Level 1 (Chrono Boost)  
  65  7:10  Probe  
  65  7:11  Probe  
  67  7:17  Observer  
  68  7:24  Forge, Robotics Bay  
  68  7:26  Protoss Ground Weapons Level 1 (Chrono Boost)  
  68  7:28  Observer  
  69  7:39  Pylon  
  69  7:43  Pylon  
  69  7:45  Pylon  
  69  7:47  Pylon  
  69  7:48  Gateway  
  69  7:50  Gateway, Assimilator  
  69  7:54  Gateway, Assimilator  
  69  8:00  Protoss Shields Level 2 (Chrono Boost)  
  69  8:11  Extended Thermal Lance  
  69  8:14  Colossus x2  
  69  8:19  Probe  
  83  8:20  Probe x2  
  84  8:28  Colossus  
  90  8:44  Stalker x3  
  96  8:57  Stalker x3  
  88  9:07  Stalker  
  88  9:08  Stalker x2  
  72  9:32  Pylon  
  72  9:33  Pylon, Stalker x2  
  72  9:34  Stalker  
  72  9:37  Colossus  
  84  9:41  Probe  
  84  9:42  Probe x2  
  87  9:53  Stalker x2  
  81  10:32  Stalker  
  81  10:33  Stalker x3  
  89  10:36  Stalker  
  89  10:37  Stalker  
  89  10:39  Mothership Core  
  93  10:46  Protoss Ground Armor Level 2 (Chrono Boost), Protoss Ground Weapons Level 2 (Chrono Boost)  
  79  11:33  Stalker x2  
  79  11:34  Stalker x3  
  79  11:37  Colossus  
  79  11:38  Colossus x2  
  107  12:00  Photon Cannon  
  107  12:01  Probe x3  
  110  12:02  Photon Cannon  
  110  12:05  Photon Cannon  
  110  12:09  Stalker x4  
  110  12:10  Photon Cannon, Stalker x2  
  122  12:26  Stargate x2  
  122  12:28  Protoss Shields Level 3 (Chrono Boost)  
  121  12:57  Stalker x3  
  121  12:58  Stalker x3  
  133  13:08  Nexus  
  133  13:11  Assimilator  
  125  13:50  Stalker x3  
  125  13:51  Stalker x3  
  125  13:55  Colossus x2  
  137  14:01  Phoenix  
  133  14:50  Stalker x2  
  133  14:51  Stalker x4  
  141  14:55  Colossus x2  
  149  15:09  Fleet Beacon  
  145  15:15  Stargate  
  145  15:18  Protoss Air Weapons Level 1  
  135  15:31  Void Ray x2 (Chrono Boost)  
  127  15:53  Assimilator  
  117  16:34  Void Ray x2 (Chrono Boost)  
  117  16:35  Void Ray (Chrono Boost)  
  117  16:36  Stalker x5  
  117  16:38  Stalker  
  140  17:12  Void Ray x2 (Chrono Boost)  
  140  17:13  Void Ray (Chrono Boost)  
  152  17:25  Stalker  
  152  17:26  Stalker x3  
  160  17:42  Stalker  
  160  17:43  Stalker  
  164  17:49  Void Ray x2 (Chrono Boost), Stalker  
  164  17:50  Stalker x2  
  174  18:15  Stalker x3  
  171  19:27  Pylon  
  171  19:28  Pylon  
  171  19:29  Pylon  
  171  19:31  Pylon  
  171  19:34  Pylon  
Show
View Real Time Build Order
Export as new Build Order

ShinyThor Protoss - Winner!

Build Orders: Dark Templar Rush 

Get SALT Encoding   

  12  0:02  Probe (Chrono Boost)  
  13  0:13  Probe (Chrono Boost)  
  14  0:23  Probe (Chrono Boost)  
  15  0:31  Pylon  
  15  0:45  Assimilator  
  16  0:50  Probe (Chrono Boost)  
  16  0:57  Gateway  
  17  1:04  Probe (Chrono Boost), Assimilator  
  17  1:15  Probe (Chrono Boost)  
  18  1:25  Probe (Chrono Boost)  
  19  1:36  Probe (Chrono Boost)  
  20  1:46  Probe (Chrono Boost)  
  21  1:48  Cybernetics Core  
  21  1:53  Pylon  
  21  2:03  Probe (Chrono Boost)  
  22  2:13  Probe (Chrono Boost)  
  23  2:18  Pylon  
  23  2:27  Twilight Council  
  23  2:31  Robotics Facility  
  23  2:36  Mothership Core (Chrono Boost)  
  25  3:05  Dark Shrine  
  25  3:12  Gateway  
  25  3:15  Gateway  
  25  3:25  Warp Prism  
  27  3:34  Gateway  
  27  3:46  Gateway  
  27  3:51  Pylon  
  27  4:03  Warp Gate (Chrono Boost)  
  27  4:22  Dark Templar x2  
  27  4:23  Dark Templar  
  33  4:35  Dark Templar  
  35  6:00  Dark Templar x3  
  35  6:01  Dark Templar  
  27  6:49  Warp Prism (Chrono Boost)  
  29  7:14  Dark Templar x2  
  29  7:15  Dark Templar  
  35  7:47  Nexus  
  35  7:55  Nexus  
  35  7:58  Dark Templar  
  35  7:59  Dark Templar  
  35  8:04  Pylon  
  39  8:06  Probe  
  40  8:14  Pylon  
  40  8:15  Dark Templar  
  40  8:18  Probe, Pylon  
  43  8:30  Probe, Assimilator  
  44  8:35  Assimilator  
  44  8:42  Probe  
  44  8:47  Pylon  
  45  8:50  Zealot x3  
  45  8:51  Zealot x2  
  45  8:54  Probe  
  56  9:06  Probe  
  57  9:22  Forge  
  57  9:25  Probe  
  57  9:28  Probe  
  59  9:36  Probe  
  60  9:38  Probe  
  60  9:43  Stalker x4  
  60  9:44  Stalker  
  71  9:46  Probe  
  71  9:49  Probe  
  62  10:13  Stalker x3  
  68  10:36  Photon Cannon  
  68  10:48  Photon Cannon  
  68  10:59  Probe  
  69  11:11  Probe  
  70  11:24  Probe  
  70  11:25  Protoss Ground Weapons Level 1  
  71  11:27  Charge  
  71  11:43  Dark Templar x3  
  71  11:44  Dark Templar  
  73  12:20  Stalker  
  73  12:21  Stalker x3  
  73  12:22  Stalker  
  77  13:01  Probe  
  77  13:02  Photon Cannon  
  77  13:04  Photon Cannon  
  78  13:07  Photon Cannon  
  78  13:12  Probe  
  79  13:31  Dark Templar x2  
  45  14:22  Protoss Ground Weapons Level 2  
  45  14:32  Zealot  
  45  14:33  Zealot x3  
  53  14:39  Archon x2  
  53  14:40  Archon x4  
  14  17:55  Dark Templar x2  
  18  19:35  Nexus  
Tags
 
Add a new tag
Caveats
  • Supply blocks, unpowered buildings, or Contaminate may cause inaccurate times.
  • Supply counts are checked every 10 seconds.